Map: Dusk Towers

Players

llllllllllll

  • Race: Terran Terran
  • League: Master

Miszu - Winner!

  • Race: Terran Terran
  • League: Master

VOD

Have the link to the VOD?

Description

Time

  • Played on: April 9, 2016, 5:47 p.m.
  • Length: 18:30
Show
View Real Time Build Order
Export as new Build Order

llllllllllll Terran 

Build Orders: Reaper Expand, Bio Tank 

Get SALT Encoding   

  12  0:01  SCV  
  13  0:13  SCV  
  14  0:17  Supply Depot  
  14  0:25  SCV  
  15  0:39  SCV  
  15  0:40  Barracks  
  16  0:45  Refinery  
  16  0:51  SCV  
  17  1:03  SCV  
  18  1:15  SCV  
  19  1:27  Orbital Command  
  19  1:29  Reaper  
  20  1:41  Command Center  
  20  1:51  Supply Depot  
  20  1:57  SCV  
  20  2:01  Reaper  
  22  2:10  SCV  
  22  2:22  SCV  
  23  2:33  Command Center  
  23  2:34  SCV  
  24  2:39  Factory  
  23  2:44  Barracks Reactor  
  23  2:46  SCV  
  23  2:48  Refinery  
  24  2:54  Orbital Command  
  24  2:59  SCV  
  25  3:11  SCV  
  26  3:16  Engineering Bay  
  26  3:21  SCV  
  26  3:23  Factory Tech Lab, SCV  
  26  3:24  Starport  
  26  3:26  Marine  
  29  3:29  Marine  
  29  3:33  SCV  
  31  3:35  SCV  
  32  3:43  Siege Tank  
  32  3:45  SCV  
  32  3:47  Missile Turret  
  36  3:51  Orbital Command  
  36  3:52  SCV  
  37  3:59  Marine x2  
  39  4:03  Viking  
  39  4:09  SCV  
  43  4:10  SCV  
  43  4:12  Supply Depot  
  32  4:25  Marine x2  
  32  4:29  SCV x2  
  34  4:31  SCV  
  34  4:37  Refinery  
  35  4:41  SCV  
  37  4:45  SCV  
  37  4:48  Marine x2  
  37  4:49  SCV  
  40  4:53  SCV  
  40  4:54  Siege Tank  
  40  4:57  SCV  
  45  5:01  SCV  
  45  5:02  Supply Depot  
  45  5:05  SCV, Missile Turret  
  48  5:09  SCV  
  48  5:13  SCV  
  49  5:14  Refinery  
  49  5:17  SCV  
  49  5:18  Barracks Tech Lab  
  50  5:22  SCV  
  50  5:25  SCV  
  45  5:30  Siege Tank  
  45  5:31  SCV  
  45  5:34  SCV  
  47  5:37  SCV  
  47  5:40  Marine  
  49  5:43  SCV  
  49  5:46  SCV  
  49  5:49  SCV  
  52  5:53  Viking x2  
  52  5:55  SCV  
  57  5:59  Stimpack  
  57  6:01  SCV  
  57  6:03  SCV  
  59  6:10  SCV  
  60  6:11  Marine  
  60  6:13  Siege Tank, SCV  
  60  6:17  Supply Depot  
  65  6:23  Viking, SCV  
  65  6:24  SCV  
  69  6:27  Viking  
  69  6:30  SCV  
  72  6:38  Orbital Command  
  72  6:40  Supply Depot, Marine  
  72  6:42  Terran Infantry Weapons Level 1  
  73  6:57  Barracks x2  
  73  6:58  Engineering Bay, SCV  
  73  6:59  Barracks  
  73  7:00  Barracks  
  74  7:03  SCV  
  74  7:07  SCV  
  76  7:10  SCV  
  76  7:15  Marine, SCV  
  78  7:18  Siege Tank  
  78  7:19  SCV  
  78  7:22  SCV  
  84  7:27  SCV  
  84  7:28  Missile Turret  
  84  7:29  Medivac  
  87  7:31  Medivac, SCV  
  87  7:34  SCV  
  87  7:37  Terran Infantry Armor Level 1  
  91  7:39  SCV  
  91  7:43  SCV  
  91  7:44  Armory  
  93  7:45  Barracks Reactor x2  
  93  7:47  Barracks Reactor  
  93  7:48  Missile Turret  
  93  7:50  Barracks Reactor  
  93  7:56  Missile Turret  
  93  8:02  Combat Shields  
  93  8:05  Missile Turret  
  93  8:09  Supply Depot  
  93  8:10  Supply Depot  
  93  8:13  Supply Depot  
  93  8:17  Supply Depot  
  93  8:19  Refinery, Medivac, Siege Tank, SCV x3  
  101  8:21  Supply Depot  
  101  8:23  Refinery  
  101  8:25  Marine x2  
  101  8:26  Marine x2  
  101  8:30  Marine x4  
  101  8:31  SCV  
  106  8:37  Terran Infantry Weapons Level 2  
  106  8:39  Terran Vehicle Weapons Level 1  
  106  8:42  Marine  
  107  8:51  Marine x8  
  107  8:52  Medivac x2  
  107  8:53  SCV  
  120  9:00  Marine  
  120  9:02  Sensor Tower, SCV  
  122  9:03  SCV  
  122  9:05  SCV  
  122  9:09  Missile Turret x2  
  124  9:10  Supply Depot  
  124  9:19  Marine x8  
  124  9:20  Siege Tank  
  135  9:26  Factory  
  135  9:31  Marine  
  135  9:32  Medivac x2  
  135  9:35  Terran Infantry Armor Level 2  
  135  9:37  Marine  
  135  9:38  Marine x2  
  141  9:43  Marine  
  141  9:44  Marine x4  
  144  9:49  Marine  
  145  9:55  Marine  
  143  10:02  Marine  
  143  10:03  Marine x6  
  143  10:04  Medivac  
  149  10:07  Medivac  
  149  10:10  Siege Tank  
  148  10:14  Marine  
  148  10:17  Marine  
  148  10:20  Marine  
  149  10:29  Factory Tech Lab  
  149  10:39  Marine x2  
  149  10:40  Marine x5, Command Center  
  149  10:41  Marine x2  
  149  10:42  Siege Tank  
  130  10:57  Marine x2  
  130  10:58  Marine x6  
  130  10:59  Terran Infantry Weapons Level 3, Marine  
  130  11:00  Medivac x2  
  124  11:09  Siege Tank  
  127  11:12  Factory  
  127  11:14  Marine  
  127  11:15  Marine x2, Siege Tank  
  127  11:16  Marine x6  
  139  11:32  Marine  
  139  11:33  Marine  
  139  11:34  Refinery  
  139  11:36  Refinery  
  141  11:44  Marine  
  141  11:45  Marine x6, Siege Tank  
  141  11:46  Missile Turret  
  148  11:50  Marine  
  148  11:51  Medivac  
  148  11:53  Marine  
  138  12:02  Marine x5  
  138  12:03  Marine x2  
  138  12:08  Marine, Factory Tech Lab  
  139  12:11  Marine  
  139  12:14  Terran Infantry Armor Level 3  
  136  12:18  Planetary Fortress  
  136  12:20  Marine x2  
  138  12:25  Marine  
  139  12:32  Marine  
  139  12:37  Marine x5  
  138  12:45  Siege Tank x3  
  138  12:46  Medivac x2  
  138  12:47  Marine x2  
  153  13:04  Marine x9  
  135  13:21  Marine, Siege Tank x2  
  135  13:22  Marine x7, Medivac  
  135  13:23  Medivac  
  149  13:44  Marine x9  
  149  13:45  Siege Tank  
  154  13:58  Siege Tank  
  154  14:01  Marine  
  154  14:02  Marine x6  
  164  14:12  Marine x2  
  164  14:13  Siege Tank  
  147  14:17  Siege Tank  
  147  14:19  Marine x2  
  147  14:22  Marine x5  
  127  14:29  Marine  
  127  14:30  Marine  
  106  14:33  Siege Tank  
  106  14:37  Marine x2  
  105  14:40  Marine x5  
  110  14:46  Medivac x2  
  110  14:47  Marine  
  110  14:48  Marine  
  116  14:55  Marine x2  
  116  14:58  Marine x2  
  110  15:04  Marine x3  
  110  15:05  Marine x2, Siege Tank  
  110  15:06  SCV  
  108  15:13  Marine x2  
  107  15:15  Marine  
  107  15:17  Marine  
  107  15:18  SCV x3  
  107  15:19  SCV  
  113  15:26  Refinery  
  113  15:30  Marine  
  113  15:31  Siege Tank  
  113  15:34  Medivac  
  119  15:42  Marine x2  
  119  15:44  Siege Tank  
  124  15:55  Marine x2  
  124  15:56  Marine x4  
  125  16:16  Marine x7  
  125  16:17  Siege Tank x3  
  140  16:31  Marine x2  
  140  16:32  Medivac  
  144  16:33  Marine  
  144  16:34  Marine x3  
  139  16:49  Siege Tank  
  139  16:50  Marine  
  105  16:54  Marine x8  
  101  17:03  Siege Tank  
  101  17:04  Medivac  
  101  17:07  Marine  
  104  17:12  Marine x4  
  105  17:32  Marine x7  
  105  17:33  Marine x2  
  105  17:35  Siege Tank  
  114  17:45  Orbital Command  
  114  17:48  Siege Tank  
  114  17:50  Marine x6  
  123  17:56  Marine  
  124  18:01  Marine  
Show
View Real Time Build Order
Export as new Build Order

Miszu Terran - Winner!

Build Orders: 1/1/1, Liberator Opening 

Get SALT Encoding   

  12  0:01  SCV  
  13  0:13  SCV  
  14  0:17  Supply Depot  
  14  0:25  SCV  
  14  0:27  Refinery  
  15  0:39  SCV  
  16  0:44  Barracks  
  16  0:51  SCV  
  17  1:03  SCV  
  18  1:15  SCV  
  19  1:27  SCV  
  21  1:34  Factory  
  21  1:35  Marine  
  21  1:40  Orbital Command  
  21  1:41  Supply Depot  
  21  1:52  Marine  
  22  2:06  SCV  
  23  2:10  Marine  
  23  2:12  Supply Depot  
  24  2:19  Starport, Hellion  
  24  2:21  SCV  
  27  2:28  Marine  
  28  2:33  SCV  
  28  2:35  Supply Depot  
  29  2:42  Hellion  
  31  2:45  SCV  
  31  2:46  Marine  
  33  2:57  Medivac, SCV  
  36  3:01  Supply Depot, Refinery  
  36  3:04  Marine  
  37  3:08  Hellion  
  37  3:09  SCV  
  40  3:22  Barracks Reactor  
  40  3:23  SCV  
  40  3:26  Liberator  
  41  3:34  Command Center  
  41  3:37  SCV  
  47  3:48  Hellion  
  47  3:50  SCV  
  48  3:56  Supply Depot  
  48  4:05  SCV  
  40  4:28  SCV  
  40  4:31  Factory Tech Lab  
  40  4:39  Marine x2  
  40  4:40  SCV  
  40  4:43  Command Center  
  43  4:46  Orbital Command  
  43  4:52  SCV  
  44  4:59  Siege Tank  
  47  5:03  Marine x2  
  47  5:06  SCV  
  50  5:11  SCV  
  51  5:18  SCV  
  50  5:31  SCV  
  50  5:32  Marine x2  
  50  5:33  SCV  
  47  5:37  Barracks  
  47  5:38  Barracks  
  47  5:40  Refinery x2  
  47  5:41  Siege Tank  
  48  5:43  SCV  
  48  5:45  SCV  
  48  5:47  Engineering Bay  
  48  5:48  Engineering Bay  
  50  5:54  Marine x2  
  50  5:55  SCV, Orbital Command  
  53  5:58  SCV  
  53  6:02  Starport Reactor  
  54  6:07  SCV  
  54  6:10  SCV  
  56  6:15  Terran Infantry Weapons Level 1, Terran Infantry Armor Level 1  
  56  6:19  Marine, SCV  
  58  6:26  Barracks Tech Lab x2, Orbital Command  
  58  6:29  Barracks  
  58  6:30  Marine  
  58  6:31  Barracks  
  59  6:36  Marine, Siege Tank  
  63  6:40  Medivac x2  
  63  6:41  SCV  
  63  6:43  SCV  
  68  6:48  Marine  
  68  6:51  SCV  
  68  6:53  Sensor Tower, SCV, Armory  
  71  6:55  SCV  
  71  6:58  Marine x3  
  71  7:00  Stimpack  
  75  7:02  Combat Shields  
  75  7:05  SCV x2  
  75  7:06  Marine  
  78  7:10  Supply Depot, SCV  
  80  7:16  Marine x2  
  80  7:17  Barracks Reactor  
  80  7:18  Barracks Reactor, SCV x2  
  80  7:22  SCV  
  84  7:24  Supply Depot  
  84  7:25  Supply Depot  
  84  7:28  Medivac  
  84  7:29  Medivac  
  88  7:30  SCV x2  
  88  7:35  Supply Depot, SCV  
  90  7:38  Refinery  
  90  7:44  Marine x2  
  90  7:45  Marine x2  
  90  7:50  SCV  
  90  7:51  SCV x2  
  97  7:54  Marine x2  
  97  7:55  Marine  
  97  7:56  Sensor Tower  
  100  8:02  Marine x2, SCV  
  100  8:03  Refinery, SCV  
  100  8:05  Supply Depot, Marine  
  107  8:08  Siege Tank  
  107  8:11  SCV  
  107  8:12  Marine x2  
  112  8:14  SCV  
  112  8:15  Terran Infantry Armor Level 2  
  112  8:16  Terran Infantry Weapons Level 2  
  112  8:19  Marine  
  112  8:20  Marine  
  114  8:28  Marine x3  
  114  8:29  Medivac x2  
  113  8:35  SCV x2  
  113  8:36  SCV  
  113  8:39  Supply Depot  
  113  8:40  Supply Depot  
  115  8:42  Marine x5  
  115  8:46  Marine, Siege Tank  
  124  8:52  Factory  
  124  8:56  Terran Vehicle Weapons Level 1  
  124  8:57  Marine x2  
  124  8:59  Medivac  
  124  9:00  Marine x2  
  130  9:06  Medivac  
  130  9:08  Supply Depot  
  134  9:10  Marauder  
  134  9:13  Supply Depot  
  134  9:14  Marine  
  134  9:15  Supply Depot, Marine x4  
  139  9:17  Marine  
  139  9:18  Marine  
  139  9:23  Siege Tank  
  144  9:30  Medivac  
  144  9:31  Marine  
  147  9:32  Marine, Command Center  
  147  9:33  Marine x4  
  147  9:36  Marine  
  147  9:37  Factory Tech Lab  
  151  9:49  Marine x2  
  135  10:00  Marine  
  135  10:02  Marine  
  135  10:03  Marine x4  
  135  10:07  Marine x2  
  118  10:14  Siege Tank x2  
  122  10:18  Marine  
  122  10:20  Marine x4  
  122  10:21  Marine  
  128  10:24  Marine  
  128  10:25  Marine  
  128  10:26  Medivac x2  
  134  10:31  Barracks  
  134  10:32  Barracks  
  134  10:33  Barracks  
  134  10:36  Marine  
  134  10:38  Marine x5  
  134  10:42  Marine  
  103  11:00  Marine  
  103  11:01  Marine x7  
  111  11:08  Medivac x2, Siege Tank x2  
  120  11:17  Terran Infantry Weapons Level 3, Terran Infantry Armor Level 3  
  120  11:18  Marine, Terran Vehicle Weapons Level 2  
  120  11:19  Marine x5  
  126  11:34  Barracks Reactor x3  
  126  11:36  Marine x3  
  126  11:37  Marine x2  
  130  11:40  Siege Tank  
  133  11:47  Marine x3  
  133  11:54  Marine x3  
  123  12:03  Marine  
  123  12:04  Marine  
  123  12:05  Marine x3, Medivac x2, Siege Tank  
  134  12:08  Planetary Fortress  
  134  12:11  Marine  
  134  12:12  Marine  
  136  12:22  Marine x7  
  142  12:23  Marine  
  142  12:28  Marine  
  147  12:30  Siege Tank  
  147  12:32  Sensor Tower  
  147  12:34  Marine  
  147  12:35  Medivac  
  142  12:50  Marine  
  143  12:53  Marine x7  
  143  12:54  Siege Tank  
  143  12:55  Marine  
  120  13:06  Marine  
  120  13:07  Marine x4  
  120  13:08  Marine  
  120  13:10  Marine  
  120  13:11  Marine x6  
  112  13:22  Marine  
  112  13:24  Marine, Siege Tank  
  112  13:25  Marine x4  
  112  13:26  Marine  
  121  13:28  Marine  
  121  13:29  Marine  
  121  13:33  Siege Tank  
  123  13:44  Marine  
  123  13:45  Marine x3  
  127  13:53  Marine  
  125  13:56  Marine, Siege Tank  
  125  13:57  Marine  
  125  13:58  Marine x7  
  125  14:02  Marine x2  
  137  14:05  Siege Tank  
  117  14:24  Marine x3  
  108  14:28  Siege Tank  
  107  14:38  Siege Tank  
  104  15:00  Siege Tank  
  104  15:03  Marine x2  
  104  15:05  Marine  
  104  15:06  Marine x5  
  111  15:10  Siege Tank  
  111  15:11  Medivac  
  116  15:17  Marine x3  
  116  15:20  Marine  
  116  15:21  Marine  
  120  15:25  Medivac  
  123  15:31  Orbital Command  
  123  15:32  Siege Tank  
  123  15:33  Marine  
  123  15:34  SCV x2  
  129  15:41  Medivac  
  131  15:44  Marine  
  131  15:46  Siege Tank, SCV  
  131  15:47  SCV  
  137  15:55  Medivac  
  139  15:58  SCV  
  136  16:04  Siege Tank  
  136  16:10  SCV  
  136  16:11  Medivac  
  137  16:17  Marine  
  138  16:19  Sensor Tower  
  138  16:25  Medivac  
  140  16:32  Marine x10  
  144  16:33  Marine  
  150  16:41  Medivac  
  144  16:51  Marine x2  
  144  16:52  Marine x11  
  127  17:08  Marine, Siege Tank  
  126  17:14  Marine x2  
  126  17:15  Command Center  
  131  17:22  Marine, Sensor Tower  
  132  17:23  Marine x3  
  132  17:35  Marine x4  
  132  17:36  Marine x6  
  136  17:45  SCV x3  
  136  17:49  Marine x2  
  141  17:53  Marine  
  141  17:57  SCV x3  
  145  18:09  SCV x2  
Tags
 
Add a new tag
Caveats
  • Supply blocks, unpowered buildings, or Contaminate may cause inaccurate times.
  • Supply counts are checked every 10 seconds.